 Dungeon Crawl Stone Soup version 0.19-a0-1032-g6b228a8 (webtiles) character file.

94193 rageheart7 the Warrior (level 15, -3/129 HPs)
             Began as a Demonspawn Gladiator on July 28, 2016.
             Was the Champion of Ashenzari.
             Slain by a wasp (9 damage)
             ... created by a shambling mangrove
             ... on level 3 of the Swamp on July 29, 2016.
             The game lasted 01:01:18 (21395 turns).

rageheart7 the Warrior (Demonspawn Gladiator)      Turns: 21395, Time: 01:01:19

Health: -3/129     AC: 25    Str: 26 (27) XL:     15   Next: 62%
Magic:  0/8        EV:  5    Int: 14      God:    Ashenzari [******]
Gold:   2320       SH:  4    Dex: 13 (16) Spells: 2 memorised, 3 levels left

rFire  x . .     SeeInvis +     B - +8 frozen axe "Frostbite" {freezing cloud, *Noise +Fly rC+} (curse)
rCold  + + +     Gourm    +     v - +0 ice dragon armour
rNeg   . . .     Faith    .     (shield currently unavailable)
rPois  +         Spirit   +     (helmet restricted)
rElec  .         Dismiss  .     x - +2 cloak (curse)
rCorr  .         Reflect  .     y - +0 pair of gloves
SustAt .         Harm     .     a - +1 pair of boots "Qeleg" {MR- Str+3 Stlth+} (curse)
MR     .....     Clarity  +     W - amulet "Sazupsa" {Gourm rPois MP-9 Str+5 Stlth+} (curse)
Stlth  ++........               q - +4 ring of evasion (curse)
                                o - ring of poison resistance

@: grasped by roots, very slightly contaminated, very slow, not resistant to
hostile enchantments, unstealthy
A: horns 2, talons 1, large bone plates 3, clever 2, cold resistance 1,
deterioration 1, shaggy fur 1, spiny 1, magic shield
a: Curse Item, Scrying, Transfer Knowledge, Renounce Religion, Evoke Flight


You were on level 3 of the Swamp.
You worshipped Ashenzari.
Ashenzari was exalted by your worship.
You were completely stuffed.

You visited 3 branches of the dungeon, and saw 21 of its levels.
You also visited: Sewer, Ice Cave and Volcano.

You collected 2320 gold pieces.

Inventory:

Hand Weapons
 B - the cursed +8 frozen axe "Frostbite" (weapon) {freezing cloud, *Noise +Fly rC+}
   (You found it on level 12 of the Dungeon)

   It has been specially enchanted to freeze those struck by it, causing extra
   injury to most foes and up to half again as much damage against particularly
   susceptible opponents.
   It can also slow down cold-blooded creatures.
   It protects you from cold.
   It lets you fly.
   It may make noises in combat.
   It has a curse placed upon it.
 H - the +8 hand crossbow of Distant Shores {penet, rN+ SInv Stlth+}
   (You found it on level 8 of the Dungeon)

   Ammo fired by it will pass through the targets it hits, potentially hitting
   all targets in its path until it reaches maximum range.
   It protects you from negative energy.
   It lets you see invisible.
   It makes you more stealthy.
Missiles
 D - 8 tomahawks of dispersal (quivered)
Armour
 a - the cursed +1 pair of boots "Qeleg" (worn) {MR- Str+3 Stlth+}
   (You found it on level 2 of the Lair of Beasts)

   It affects your strength (+3).
   It affects your resistance to hostile enchantments.
   It makes you more stealthy.
   It has a curse placed upon it.
 v - a +0 ice dragon armour (worn)
 x - a cursed +2 cloak (worn)
 y - a +0 pair of gloves (worn)
 E - a swamp dragon hide
Jewellery
 o - a ring of poison resistance (left hand)
 q - a cursed +4 ring of evasion (right hand)
 K - a +5 ring of strength
 W - the cursed amulet "Sazupsa" (around neck) {Gourm rPois MP-9 Str+5 Stlth+}
   (You acquired it on level 1 of the Lair of Beasts)

   [amulet of the gourmand]

   It allows you to eat raw meat even when not hungry.
   It affects your strength (+5).
   It protects you from poison.
   It affects your magic capacity (-9).
   It makes you more stealthy.
   It has a curse placed upon it.
Wands
 c - a wand of teleportation (9/9)
 e - a wand of acid (1/15)
 g - a wand of digging (19/24)
 i - a wand of paralysis (7/24)
 U - a wand of lightning (4/15)
 X - a wand of teleportation (1/9)
Scrolls
 l - a scroll of enchant weapon
 m - 8 scrolls of remove curse
 p - 8 scrolls of fear
 u - 2 scrolls of blinking
 z - 5 scrolls of teleportation
 F - 3 scrolls of brand weapon
 G - 4 scrolls of fog
 I - 2 scrolls of identify
 Y - a scroll of amnesia
Potions
 d - 3 potions of curing
 k - a potion of cancellation
 r - 2 potions of brilliance
 s - 3 potions of flight
 C - 3 potions of ambrosia
 J - a potion of invisibility
 Q - 2 potions of cure mutation
Books
 j - a book of Ice

   Spells                             Type                      Level
   a - Ice Form                       Ice/Transmutation            4
   b - Metabolic Englaciation         Hexes/Ice                    5
   c - Ozocubu's Refrigeration        Ice                          6
   d - Bolt of Cold                   Conjuration/Ice              6
   e - Freezing Cloud                 Conjuration/Ice/Air          6
   f - Simulacrum                     Ice/Necromancy               6
 M - a book of Death

   Spells                             Type                      Level
   a - Corpse Rot                     Necromancy                   2
   b - Sublimation of Blood           Necromancy                   2
   c - Agony                          Necromancy                   5
   d - Dispel Undead                  Necromancy                   5
   e - Excruciating Wounds            Charms/Necromancy            5
   f - Bolt of Draining               Conjuration/Necromancy       5
 N - a book of Maledictions

   Spells                             Type                      Level
   a - Corona                         Hexes                        1
   b - Ensorcelled Hibernation        Hexes/Ice                    2
   c - Confuse                        Hexes                        3
   d - Tukima's Dance                 Hexes                        3
   e - Dazzling Spray                 Conjuration/Hexes            3
 R - a book of Power

   Spells                             Type                      Level
   a - Fulminant Prism                Conjuration/Hexes            4
   b - Iskenderun's Mystic Blast      Conjuration                  4
   c - Venom Bolt                     Conjuration/Poison           5
   d - Bolt of Magma                  Conjuration/Fire/Earth       5
   e - Iron Shot                      Conjuration/Earth            6
   f - Orb of Destruction             Conjuration                  7
   g - Spellforged Servitor           Conjuration/Summoning        7
Miscellaneous
 O - a phial of floods
Comestibles
 b - 10 slices of pizza
 f - 15 bread rations
 n - 27 fruits
 t - 9 meat rations
 w - 11 beef jerkies
 A - 9 royal jellies


   Skills:
 - Level 15.1 Fighting
 * Level 13.5(19.4) Axes
   Level 8.8(13.1) Polearms
   Level 8.3(10.0) Staves
 - Level 1.7 Throwing
 * Level 10.1 Armour
 - Level 2.6 Dodging
 * Level 8.1(11.1) Necromancy
 - Level 2.9(5.4) Evocations


You had 3 spell levels left.
You knew the following spells:

 Your Spells              Type           Power        Failure   Level  Hunger
a - Dispel Undead         Necr           ####....     21%         5    ######.
b - Simulacrum            Ice/Necr       ###.......   100%        6    #######


Dungeon Overview and Level Annotations

Branches:
Dungeon (12/15)            Temple (0/1) D:7            Lair (6/6) D:10
  Swamp (3/4) Lair:3        Snake (0/4) Lair:2        Slime (0/5) Lair:6
    Orc (0/2) D:12

Altars:
Ashenzari
Elyvilon
Gozag
Kikubaaqudgha
Okawaru
Pakellas
Ru
Trog
Uskayaw
Vehumet
Xom
Yredelemnul
Lugonu

Shops:
D:9 [   D:10 :


Innate Abilities, Weirdness & Mutations

You have a pair of horns on your head.
You are completely covered in large bone plates. (AC +4, SH +4)
You are partially covered in sharp spines.
When hurt, damage is shared between your health and your magic reserves.
You have sharp toenails.
Your mind is very acute. (Int +4)
Your flesh is cold resistant. (rC+)
Your body sometimes deteriorates upon taking damage.
You are covered in fur. (AC +1)


Message History

Okay, then.
Blink to where?
Press: ? - help, Dir - move target cursor Splash!
You are very lightly contaminated with residual magic.
As you read the scroll of blinking, it crumbles to dust.
You escape the reach of the grasping roots.
Found a potion of might.
Found a stone staircase leading up.
The blink frog blinks! x2
Roots grasp at your feet, making movement difficult.
You see here a potion of might.
The wasp stings you.
* * * LOW HITPOINT WARNING * * *
The spriggan rider hits you from afar with a spear.
* * * LOW HITPOINT WARNING * * *
The wasp is struck by your spines. The wasp stings you but does no damage.
The wasp is struck by your spines. The wasp stings you but does no damage.
There is a stone staircase leading up here.
The wasp stings you!
You die...

♣♣♣♣♣♣ * ** *
** ♣♣.≈♣.. *
,,, ♣♣
*♣.≈≈≈≈.♣♣♣ *,
, ,,≈ , .♣
≈≈≈≈≈≈.@.♣ *
,** ≈ ≈≈≈ .♣
♣≈≈≈.≈≈yy♣ ,≈ ≈
,, ,, .♣
♣♣♣♣.≈Fi.♣ ≈
,≈, , ≈♣ * *
*♣§...≈♣♣* ≈ ,≈
≈≈ ≈≈ ≈♣ ♣♣♣♣≈≈
♣≈.≈≈≈.≈♣ ≈. *,
≈ ≈ ≈♣♣♣≈≈≈≈♣*
♣.§§.f..♣≈.♣**
* ≈≈ ≈≈≈≈≈≈≈≈
♣.......≈≈≈♣**,
, , ≈ ≈≈≈≈≈≈≈♣
♣♣♣♣...≈≈≈.≈
*≈≈≈ ,,,*
.≈§≈≈.♣* ♣♣♣
♣♣†≈≈.≈.≈♣ ,≈≈≈
*


You could see a shambling mangrove, a spriggan rider, a blink frog and 2 wasps.

Vanquished Creatures
  Gastronok (D:9)
  A dire elephant (Lair:5)
  The ghost of Thraspic the Fighter, a journeyman OpFi of Dithmenos (IceCv)
  Josephine (Lair:5)
  Erolcha (D:9)
  Fannar (D:11)
  3 ice dragons
  12 hydras
  A ghost crab (Swamp:2)
  6 alligators
  A deep troll shaman (Lair:6)
  A tengu warrior (D:9)
  A catoblepas (Lair:6)
  An ogre mage (Volcano)
  4 death yaks (Lair:6)
  2 spriggan druids (Swamp:3)
  3 swamp dragons
  2 shambling mangroves
  5 hill giants
  Pikel (D:9)
  A lindwurm (Lair:6)
  A griffon (Lair:6)
  A manticore (D:12)
  A cyclops (D:9)
  A hornet (Swamp:1)
  The ghost of ArcaneNH the Chopper, a novice GrBe of Trog (D:6)
  An ice statue (IceCv)
  33 elephants
  A black mamba (Lair:1)
  Maurice (D:9)
  A gargoyle (D:10)
  18 spiny frogs
  6 komodo dragons
  6 rime drakes
  3 kobold demonologists (D:11)
  4 trolls
  7 giant leeches
  4 polar bears
  4 bog bodies
  Grinder (D:3)
  2 two-headed ogres
  6 blink frogs
  15 slime creatures
  A meliai zombie (D:12)
  8 spriggans
  4 shadows
  6 wraiths
  33 yaks
  3 wyverns
  4 fire bats (Lair:3)
  3 basilisks
  A hungry ghost (D:10)
  A golden eye (Lair:6)
  9 hippogriffs
  A mottled dragon (D:12)
  A steam dragon (D:12)
  16 vampire mosquitoes
  6 insubstantial wisps
  5 nagas (Lair:2)
  15 swamp worms
  A soldier ant (D:9)
  12 water moccasins
  12 porcupines
  3 slaves (D:9)
  15 ice beasts
  8 orc warriors
  3 sky beasts
  4 black bears
  4 phantoms
  11 wasps
  6 ogres
  16 wolves
  6 centaurs
  16 crocodiles
  2 big kobolds (D:8)
  Blork the orc (D:5)
  15 giant frogs
  A gnoll sergeant (D:10)
  3 scorpions
  9 killer bees
  4 jellies
  12 wights
  2 electric eels
  2 howler monkeys (D:9)
  6 crimson imps
  A centaur zombie (D:12)
  3 giant frog zombies
  7 orc priests
  2 giant frog skeletons
  3 hounds
  2 quasits
  2 centaur skeletons
  6 iguanas
  12 orc wizards
  5 worker ants
  Natasha (thrice) (D:3)
  2 hell rats (Lair:2)
  5 hound skeletons
  A worker ant zombie (D:11)
  4 gnolls (D:10)
  21 adders
  51 river rats
  2 shadow imps
  12 white imps (Lair:4)
  12 oozes
  4 adder skeletons
  An adder zombie (D:9)
  5 worms
  2 dart slugs (D:2)
  15 giant geckos
  50 orcs
  8 ball pythons
  8 giant cockroaches
  7 goblins
  6 hobgoblins
  11 jackals
  9 kobolds
  A quokka (D:8)
  13 bats
  17 giant newts
  2 quokka skeletons
  9 rats
  A spectral orc (D:8)
  8 fungi
  4 plants
796 creatures vanquished.

Vanquished Creatures (others)
  A wasp (Swamp:1)
  8 fungi
  A plant (Lair:6)
10 creatures vanquished.

Grand Total: 806 creatures vanquished

Notes
Turn   | Place    | Note
-------+----------+-------------------------------------------
     0 | D:1      | rageheart7 the Demonspawn Gladiator began the quest for the Orb.
     0 | D:1      | Reached XP level 1. HP: 16/16 MP: 1/1
   396 | D:1      | Gained mutation: You are partially covered in sharp spines. [demonic ancestry]
   396 | D:1      | Reached XP level 2. HP: 22/22 MP: 2/2
   769 | D:2      | Reached XP level 3. HP: 28/28 MP: 3/3
  1295 | D:3      | Found a white marble altar of Elyvilon.
  1320 | D:3      | Reached XP level 4. HP: 28/34 MP: 4/4
  1569 | D:3      | Found a glowing drain.
  1576 | Sewer    | Entered a sewer
  1646 | Sewer    | Reached skill level 3 in Fighting
  1697 | Sewer    | Reached XP level 5. HP: 40/41 MP: 5/5
  1781 | Sewer    | Reached skill level 5 in Polearms
  1865 | Sewer    | Reached skill level 4 in Fighting
  1865 | Sewer    | Reached XP level 6. HP: 38/48 MP: 6/6
  2043 | D:3      | Noticed Natasha
  2048 | D:3      | Killed Natasha
  2171 | D:3      | Noticed an ice beast
  2177 | D:3      | Killed an ice beast
  2237 | D:3      | Noticed Natasha
  2243 | D:3      | Killed Natasha
  2243 | D:3      | Gained mutation: You have a pair of small horns on your head. [demonic ancestry]
  2243 | D:3      | Reached XP level 7. HP: 45/55 MP: 7/7
  2255 | D:3      | Noticed Natasha
  2262 | D:3      | Killed Natasha
  2300 | D:3      | Found an ancient bone altar of Kikubaaqudgha.
  2312 | D:3      | Noticed Grinder
  2325 | D:3      | Killed Grinder
  2325 | D:3      | Reached skill level 5 in Fighting
  2388 | D:4      | Found a radiant altar of Vehumet.
  3027 | D:5      | Entered Level 5 of the Dungeon
  3094 | D:5      | Reached skill level 6 in Fighting
  3259 | D:5      | Gained mutation: You have a pair of horns on your head. [demonic ancestry]
  3259 | D:5      | Reached XP level 8. HP: 48/64 MP: 8/8
  3491 | D:5      | Noticed Blork the orc
  3503 | D:5      | Killed Blork the orc
  3791 | D:6      | Reached skill level 7 in Fighting
  3872 | D:6      | Found an opulent altar of Gozag.
  4102 | D:6      | Noticed ArcaneNH's ghost (novice GrBe)
  4366 | D:6      | Found a shattered altar of Ashenzari.
  4376 | D:6      | Became a worshipper of Ashenzari the Shackled
  4443 | D:6      | Killed ArcaneNH's ghost
  4443 | D:6      | Reached skill level 8 in Fighting
  4443 | D:6      | Reached skill level 1 in Staves
  4443 | D:6      | Reached XP level 9. HP: 28/75 MP: 9/9
  4523 | D:6      | Found a bloodstained altar of Trog.
  4839 | D:7      | Reached skill level 1 in Armour
  4877 | D:7      | Found an iron altar of Okawaru.
  4915 | D:7      | Found a staircase to the Ecumenical Temple.
  5271 | D:8      | Found an oddly glowing altar of Pakellas.
  5274 | D:8      | Found a shimmering altar of Xom.
  5276 | D:8      | Found a sacrificial altar of Ru.
  5379 | D:8      | Got the uncursed helmet of Woeb {rN+}
  5603 | D:8      | Found a basalt altar of Yredelemnul.
  5744 | D:8      | Reached skill level 5 in Staves
  5819 | D:8      | Identified the +8 hand crossbow of Distant Shores {penet, rN+ SInv Stlth+}
  5926 | D:8      | Found a hide-covered altar of Uskayaw.
  5928 | D:8      | Noticed a dagger
  5929 | D:8      | Noticed a hand axe
  6345 | D:9      | Noticed Erolcha
  6358 | D:9      | Reached XP level 10. HP: 51/82 MP: 10/10
  6367 | D:9      | Killed Erolcha
  6751 | D:9      | Noticed a tengu warrior
  6755 | D:9      | Noticed a cyclops
  6763 | D:9      | Killed a tengu warrior
  6771 | D:9      | Killed a cyclops
  6771 | D:9      | Reached skill level 5 in Armour
  6780 | D:9      | Reached * piety under Ashenzari
  6781 | D:9      | Got the uncursed leather armour "Hero's Friend" {rN++ Dex-5 SInv}
  7092 | D:9      | Identified the +2 leather armour "Hero's Friend" {rN++ Dex-5 SInv} (You found it on level 9 of the Dungeon)
  7196 | D:9      | Noticed Maurice
  7214 | D:9      | Killed Maurice
  7214 | D:9      | Gained mutation: You are partially covered in large bone plates. (AC +2, SH +2) [demonic ancestry]
  7214 | D:9      | Reached XP level 11. HP: 83/87 MP: 11/11
  7224 | D:9      | Noticed Gastronok
  7246 | D:9      | Killed Gastronok
  7246 | D:9      | Reached skill level 10 in Staves
  7267 | D:9      | Gained mutation: Your flesh is cold resistant. (rC+) [potion of mutation]
  7267 | D:9      | Gained mutation: Your mind is acute. (Int +2) [potion of mutation]
  7267 | D:9      | Gained mutation: You evolve. [potion of mutation]
  7278 | D:9      | Found Qewne's Armour Shoppe.
  7379 | D:9      | Noticed Pikel
  7397 | D:9      | Killed Pikel
  7708 | D:9      | Noticed a hill giant
  7715 | D:9      | Killed a hill giant
  8140 | D:10     | Entered Level 10 of the Dungeon
  8218 | D:10     | Noticed a hill giant
  8230 | D:10     | Killed a hill giant
  8251 | D:10     | Found Uqisiheu's Book Boutique.
  8283 | D:10     | Found a staircase to the Lair.
  8835 | D:10     | Gained mutation: Your spells are a little harder to cast, but a little more powerful. [potion of mutation]
  8835 | D:10     | Gained mutation: Your mind is very acute. (Int +4) [potion of mutation]
  9007 | D:10     | Lost mutation: Your flesh is cold resistant. (rC+) [evolution]
  9127 | D:10     | Gained mutation: You have a pair of large horns on your head. [potion of mutation]
  9127 | D:10     | Lost mutation: Your spells are a little harder to cast, but a little more powerful. [potion of mutation]
  9127 | D:10     | Gained mutation: Your body sometimes deteriorates upon taking damage. [potion of mutation]
  9350 | D:10     | Reached ** piety under Ashenzari
  9475 | D:11     | Noticed Fannar
  9487 | D:11     | Killed Fannar
  9487 | D:11     | Reached skill level 1 in Evocations
  9634 | D:11     | Found a corrupted altar of Lugonu.
  9644 | D:11     | Reached skill level 9 in Fighting
  9687 | D:11     | Gained mutation: You are mostly covered in large bone plates. (AC +3, SH +3) [demonic ancestry]
  9687 | D:11     | Reached XP level 12. HP: 91/95 MP: 12/14
  9691 | D:11     | Gained mutation: You are robust. (+10% HP) [mutagenic meat]
  9700 | D:11     | Gained mutation: Your body often deteriorates upon taking damage. [mutagenic meat]
  9808 | D:11     | Learned a level 5 spell: Dispel Undead
 10397 | D:12     | Noticed an ice dragon
 10406 | D:12     | Reached skill level 1 in Necromancy
 10411 | D:12     | Killed an ice dragon
 11498 | D:12     | Found a staircase to the Orcish Mines.
 11565 | D:12     | Reached skill level 10 in Fighting
 11618 | D:12     | Lost mutation: You are robust. (+10% HP) [evolution]
 11733 | Lair:1   | Entered Level 1 of the Lair of Beasts
 11820 | Lair:1   | Reached *** piety under Ashenzari
 11972 | Lair:1   | Found a dark tunnel.
 11981 | Volcano  | Entered a volcano
 12000 | Volcano  | Noticed an ogre mage
 12011 | Volcano  | Killed an ogre mage
 12017 | Volcano  | Reached skill level 11 in Fighting
 12346 | Lair:1   | Noticed an eight-headed hydra
 12358 | Lair:1   | Killed an eight-headed hydra
 13019 | Lair:1   | Identified a scroll of acquirement
 13019 | Lair:1   | Identified the cursed amulet "Sazupsa" {Gourm rPois MP-9 Str+5 Stlth+} (You acquired it on level 1 of the Lair of Beasts)
 13063 | Lair:2   | Noticed a seven-headed hydra
 13072 | Lair:2   | Killed a seven-headed hydra
 13090 | Lair:2   | Reached skill level 12 in Fighting
 13090 | Lair:2   | Reached XP level 13. HP: 56/108 MP: 6/15
 13440 | Lair:2   | Reached **** piety under Ashenzari
 13695 | Lair:2   | Found a staircase to the Snake Pit.
 13704 | Lair:2   | Reached skill level 5 in Necromancy
 13853 | Lair:2   | Got the uncursed pair of boots "Qeleg" {MR- Str+3 Stlth+}
 13869 | Lair:2   | Identified the +1 pair of boots "Qeleg" {MR- Str+3 Stlth+} (You found it on level 2 of the Lair of Beasts)
 14117 | Lair:2   | Gained mutation: You are covered in fur. (AC +1) [evolution]
 14430 | Lair:2   | Learned a level 6 spell: Simulacrum
 14578 | Lair:3   | Reached skill level 13 in Fighting
 14715 | Lair:3   | Reached ***** piety under Ashenzari
 14716 | Lair:3   | Found a staircase to the Swamp.
 15286 | Lair:4   | Found a frozen archway.
 15331 | IceCv    | Entered an ice cave
 15336 | IceCv    | Reached skill level 1 in Axes
 15341 | IceCv    | Noticed Thraspic's ghost (journeyman OpFi)
 15347 | IceCv    | Killed Thraspic's ghost
 15503 | IceCv    | Reduced skill Staves to level 10
 15523 | IceCv    | Reached skill level 5 in Axes
 15608 | IceCv    | Gained mutation: You have sharp toenails. [potion of mutation]
 15608 | IceCv    | Lost mutation: You evolve. [potion of mutation]
 15608 | IceCv    | Gained mutation: You evolve. [potion of mutation]
 15609 | IceCv    | Gained mutation: Potions and wands are less effective at restoring your health. [potion of mutation]
 15609 | IceCv    | Gained mutation: You expend magic power (3 MP) to strengthen your wands. [potion of mutation]
 16351 | Lair:4   | Lost mutation: You evolve. [potion of cure mutation]
 16351 | Lair:4   | Lost mutation: You expend magic power (3 MP) to strengthen your wands. [potion of cure mutation]
 16351 | Lair:4   | Lost mutation: Your mind is very acute. (Int +4) [potion of cure mutation]
 16351 | Lair:4   | Lost mutation: Your body often deteriorates upon taking damage. [potion of cure mutation]
 16351 | Lair:4   | Lost mutation: You have a pair of large horns on your head. [potion of cure mutation]
 16351 | Lair:4   | Lost mutation: Potions and wands are less effective at restoring your health. [potion of cure mutation]
 16357 | Lair:4   | Reached skill level 14 in Fighting
 17167 | Lair:5   | Gained mutation: When hurt, damage is shared between your health and your magic reserves. [demonic ancestry]
 17167 | Lair:5   | Reached XP level 14. HP: 113/120 MP: 7/16
 17576 | Lair:5   | Noticed Josephine
 17584 | Lair:5   | Killed Josephine
 17584 | Lair:5   | Identified the +4 falchion "Wenecw" {slice, MR+ Int+3} (You took it off Josephine on level 5 of the Lair of Beasts)
 17619 | Lair:5   | Identified Sif Muna's Catalogue of Displaced Slavery
 17806 | Lair:5   | Reached skill level 10 in Axes
 18011 | Lair:6   | Entered Level 6 of the Lair of Beasts
 18447 | Lair:6   | Reached skill level 15 in Fighting
 18850 | Lair:6   | Found a staircase to the Slime Pits.
 19171 | Swamp:1  | Entered Level 1 of the Swamp
 19270 | Swamp:1  | Gained mutation: You are completely covered in large bone plates. (AC +4, SH +4) [demonic ancestry]
 19270 | Swamp:1  | Reached XP level 15. HP: 129/129 MP: 8/17
 21017 | Swamp:2  | Reached ****** piety under Ashenzari
 21081 | Swamp:3  | Reached skill level 10 in Armour
 21223 | Swamp:3  | Gained mutation: Your flesh is cold resistant. (rC+) [potion of mutation]
 21223 | Swamp:3  | Gained mutation: Your mind is very acute. (Int +4) [potion of mutation]
 21394 | Swamp:3  | HP: 6/129 [spriggan rider/spear (3)]
 21395 | Swamp:3  | Slain by a wasp

Vault maps used:
D:1:      lightli_arrival_boilingwater, st_stairs_9, minmay_misc_feat_doors
D:2:      grunt_ministairs_13
D:3:      nicolae_overflow_crystal_walls, overflow_temple_1_default,
          first_bread, portal_sewer_entry_e, uniq_natasha, uniq_grinder
D:4:      lemuel_upstairs_altar, vehumet_altar_wand_db
D:5:      uniq_blork_the_orc
D:6:      nicolae_whirlpool, marbit_many_paths, old_standard_altar,
          grunt_gozag_breadcrumbs
D:7:      kennysheep_okawaru_gauntlet
D:8:      kennysheep_six_static_rooms, dancing_weapons_uskayaw,
          yredelemnul_forgotten_temple_becter, grunt_temple_overflow_open
D:9:      hangedman_cross_cluster, serial_shops, nicolae_shop_crystal,
          hangedman_pestilent_swarm, uniq_maurice, uniq_erolcha, uniq_pikel,
          uniq_gastronok
D:10:     grunt_lair_entry_orc_guard_hut, serial_shops, shop
D:11:     kennysheep_kobold_lugonu_temple, kennysheep_decorative_pillar,
          uniq_fannar
D:12:     minmay_coctagon, orc_0_dummy
Lair:1:   enter_volcano_2, serial_bayou_shore_b, grunt_megastairs_4,
          serial_bayou_shore_b, infiniplex_staircase_pool_2, lemuel_fruit_fields
Lair:2:   kennysheep_rathole, minmay_snake_entry_guardpost_medium
Lair:3:   minmay_swamp_entry_reptiles
Lair:4:   portal_ice_cave_entry_imps
Lair:5:   mu_elephants_graveyard, nicolae_quartered_pool_little,
          forest_entry_grove, uniq_josephine
Lair:6:   grunt_lair_end_beastmaster, minmay_slime_entry_pillars
Swamp:1:  hangedman_swamp_diagram, water_boxes_lemuel
Swamp:2:  evilmike_swamp_ruin_house_2, swamp_pool3, hangedman_swamp_wriggling
Swamp:3:  hangedman_swamp_pad
Sewer:    sewer_frog_island_02
IceCv:    ice_cave_small_dragons
Volcano:  volcano_pools

Skill      XL: |  1  2  3  4  5  6  7  8  9 10 11 12 13 14 15 |
---------------+----------------------------------------------+-----
Polearms       | 3 4 5 6 7 8 |  8.8
Fighting       | 3 4 6 8 9 12 14 15 | 15.1
Staves         | 1 5 9 11 8 |  8.3
Armour         | 3 5 6 8 9 10 | 10.1
Evocations     | 2 |  2.9
Necromancy     | 4 6 7 8 |  8.1
Axes           | 8 11 13 | 13.5
Throwing       | |  1.7
Dodging        | |  2.6

Action                   |  1- 3 |  4- 6 |  7- 9 | 10-12 | 13-15 || total
-------------------------+-------+-------+-------+-------+-------++-------
Melee: Trident           |    89 |   160 |   216 |       |       ||   465
       Headbutt          |       |       |    74 |   180 |   201 ||   455
       Quarterstaff      |       |       |   193 |   729 |   272 ||  1194
       Executioner's axe |       |       |       |       |   519 ||   519
Throw: Tomahawk          |       |       |     3 |       |       ||     3
Invok: Curse Item        |       |       |     3 |       |     2 ||     5
       Transfer Knowledg |       |       |       |       |     1 ||     1
 Abil: Evoke Flight      |       |       |       |       |     4 ||     4
       Stop Flying       |       |       |       |       |     1 ||     1
Evoke: Wand              |       |       |       |     9 |     6 ||    15
  Use: Scroll            |     5 |       |    20 |    16 |     8 ||    49
       Potion            |       |       |    11 |    13 |     9 ||    33
 Stab: Distracted        |       |       |       |     1 |       ||     1
       Sleeping          |       |       |       |     1 |     8 ||     9
  Eat: Chunk             |     1 |     4 |    12 |    30 |    39 ||    86
Armor: Leather armour    |     8 |       |       |     6 |       ||    14
       Ring mail         |    30 |    31 |    61 |   110 |    67 ||   299
       Ice dragon armour |       |       |       |       |   300 ||   300
Dodge: Dodged            |    46 |   103 |   190 |   308 |   477 ||  1124
Block: Other             |       |       |       |    33 |   104 ||   137
